 Dungeon Crawl Stone Soup version 0.29.1-2-gbd0b4ee654 (webtiles) character file.

Game seed: 9665609251279526917

1778 tkbsonic5 the Covert (level 8, 0/35 HPs)
             Began as a Spriggan Enchanter on Nov 28, 2022.
             Was a Follower of Hepliaklqana.
             Killed from afar by a steam dragon (18 damage)
             ... with a ball of steam
             ... on level 6 of the Dungeon.
             The game lasted 00:36:18 (6684 turns).

tkbsonic5 the Covert (Spriggan Enchanter)           Turns: 6684, Time: 00:36:20

Health: 0/35       AC:  6    Str:  4    XL:     8   Next: 81%
Magic:  18/18      EV: 21    Int: 16    God:    Hepliaklqana [*.....]
Gold:   250        SH:  0    Dex: 24    Spells: 1/19 levels left

rFire   . . .      SeeInvis +   t - +0 shortbow
rCold   + + .      Faith    .   (shield currently unavailable)
rNeg    . . .      Spirit   .   b - +2 robe
rPois   .          Reflect  .   (helmet restricted)
rElec   .          Harm     .   n - +0 cloak
rCorr   .          Rampage  .   (gloves unavailable)
Will    ++...                   (boots unavailable)
Stlth   ++++......              (no amulet)
HPRegen 0.11/turn               p - +6 ring of dexterity
MPRegen 0.16/turn               j - ring of protection from cold

@: very quick
A: reduced essence, very small, no large weapons, unfitting armour, see
invisible, speed 3, iridescent scales 1, cold resistance 1, deformed body,
strong-willed 1, wild magic 1
a: Renounce Religion, Recall Ancestor, Ancestor Identity


You were on level 6 of the Dungeon.
You worshipped Hepliaklqana.
Hepliaklqana was aware of your devotion.
You visited 1 branch of the dungeon, and saw 6 of its levels.
You also visited: Sewer.

You collected 304 gold pieces.
You spent 54 gold pieces at shops.

Inventory:

Hand Weapons
 a - a +1 dagger
 c - a +1 spear of venom
 e - a +0 sling
 l - a +0 short sword
 r - a +4 quarterstaff of chaos
 t - a +0 shortbow (weapon)
 v - a +0 rapier
Missiles
 o - 3 poisoned darts
 s - 2 throwing nets
Armour
 b - a +2 robe (worn)
 n - a +0 cloak (worn)
 q - a +0 cloak
Jewellery
 j - a ring of protection from cold (right hand)
 p - a +6 ring of dexterity (left hand)
Wands
 y - a wand of iceblast (9)
Scrolls
 g - 2 scrolls of amnesia
 h - a scroll of blinking
 k - 5 scrolls of teleportation
 u - a scroll of torment {unknown}
 w - a scroll of silence {unknown}
 x - a scroll of brand weapon {unknown}
Potions
 d - a potion of cancellation {unknown}
 f - 2 potions of curing
 i - 2 potions of might {unknown}
 m - 2 potions of heal wounds
 z - a potion of resistance {unknown}


   Skills:
 + Level 2.4 Fighting
 + Level 3.5 Short Blades
 + Level 3.6 Ranged Weapons
 * Level 4.9 Dodging
 * Level 8.1 Stealth
 * Level 6.0 Spellcasting
 + Level 1.1 Conjurations
 * Level 6.3 Hexes
 * Level 1.1 Transmutations
 + Level 0.3 Fire Magic
 + Level 2.1 Ice Magic
 + Level 0.3 Poison Magic
 * Level 2.4 Invocations


You had one spell level left.
You knew the following spells:

 Your Spells              Type           Power      Damage    Failure   Level
a - Ensorcelled Hibernat  Hex/Ice        46%        N/A       6%          2
b - Confusing Touch       Hex            32%        N/A       5%          3
c - Tukima's Dance        Hex            32%        N/A       5%          3
d - Dazzling Flash        Conj/Hex       42%        N/A       13%         3
e - Slow                  Hex            100%       N/A       2%          1
f - Ignite Poison         Fire/Tmut/Pois 8%         N/A       41%         3
g - Summon Guardian Gole  Hex/Summ       19%        N/A       16%         3

Your spell library contained the following spells:

 Spells                   Type           Power      Damage    Failure   Level
 Summon Small Mammal      Summ           24%        N/A       21%         1
 Conjure Flame            Conj/Fire      9%         6-21      38%         3
 Call Canine Familiar     Summ           6%         N/A       47%         3
 Vampiric Draining        Necr           6%         2d6       47%         3
 Sticky Flame             Conj/Fire      9%         2d3       78%         4


Dungeon Overview and Level Annotations

Branches:
Dungeon (6/15)              Sewer (visited)
 Temple: D:4-7

Altars:
Cheibriados
Hepliaklqana
Nemelex Xobeh
Uskayaw
Yredelemnul

Shops:
D:1 [


Innate Abilities, Weirdness & Mutations

Your life essence is reduced to manifest your ancestor. (-10% HP)
You are very small and have problems with some larger weapons.
You are too small for most types of armour.
You have supernaturally acute eyesight. (SInv)
You cover ground extremely quickly. (Speed+++)
You are partially covered in iridescent scales. (AC +2)
Your flesh is cold resistant. (rC+)
Armour fits poorly on your strangely shaped body.
You are strong-willed. (Will+)
Your spells are a little harder to cast, but a little more powerful.


Message History

t - a +0 shortbow (weapon)
An orc comes into view. It is wielding a +0 flail.
You shoot an arrow. The arrow barely misses the orc.
An orc is nearby!
You shoot an arrow. The arrow hits the orc.
You kill the orc!
HP restored.
A steam dragon comes into view.
You shoot an arrow. The arrow hits the steam dragon.
The steam dragon hisses angrily.
The steam dragon is lightly wounded.
You shoot an arrow.
The arrow barely misses the steam dragon.
The steam dragon breathes steam at you. The ball of steam hits you!!
Ouch! That really hurt!
What are your orders? t - Shout!
Orders for allies: a - Attack new target. p - Attack previous target. r - Retreat! s - Stop attacking. g - Guard the area. f - Follow me.
Anything else - Cancel.
Gang up on whom?
Press: ? - help, Dir - move target, f/p - steam dragon
Aim: a steam dragon (lightly wounded) Attack!
The steam dragon bites Sir Reg!
The steam dragon claws Sir Reg.
Sir Reg closely misses the steam dragon.
The steam dragon breathes steam at you.
The ball of steam hits Sir Reg!
Sir Reg resists.
You shoot an arrow. The arrow hits the steam dragon.
The steam dragon is moderately wounded.
You shoot an arrow.
The arrow hits the steam dragon but does no damage.
The steam dragon is moderately wounded.
The steam dragon breathes steam at you. The ball of steam hits you!!
Ouch! That really hurt!
You die...

........§##.............####
.........##...).........#
.........###...#######.....
...........#).)###########..
.........D...........#### #
.....§....§.....)........
.##.##.R.#§>.........PPPP
#..§...§.............
#......@.)##.....P.PP
#........###.....P...
#........# #.....P.._
#.........###....P...
#.........# #....P.PP
#........... .......
##.....##........PP #.....#
..... #.....# .....


You could see the friendly Sir Reg the ancestor and a steam dragon (catching
breath, ally target).

Vanquished Creatures
  Pikel (D:4)
  2 black bears (D:5)
  An ogre (D:4)
  A centaur (D:5)
  2 phantoms
  A necrophage (D:4)
  2 scorpions (D:5)
  A jelly (D:4)
  An orc priest (D:6)
  2 hounds (D:5)
  A gnoll bouda (D:5)
  A hell rat (Sewer)
  An iguana (D:5)
  9 adders
  3 gnolls (D:5)
  3 river rats (Sewer)
  A shadow imp (D:5)
  A worm (D:2)
  2 dart slugs
  20 orcs
  4 endoplasms
  6 giant cockroaches
  6 goblins
  5 hobgoblins
  7 jackals
  7 kobolds
  A quokka (D:4)
  11 ball pythons
  5 bats
  A frilled lizard (D:1)
  13 rats
122 creatures vanquished.

Vanquished Creatures (collateral kills)
  An ogre (D:4)
  A scorpion (D:5)
  Crazy Yiuf (D:4)
  A jelly (D:6)
  A gnoll (D:5)
  2 orcs (D:6)
7 creatures vanquished.

Vanquished Creatures (others)
  4 dancing weapons
  An ancestor (D:5)
  7 fungi
  11 plants
23 creatures vanquished.

Grand Total: 152 creatures vanquished

Notes
Turn   | Place    | Note
-------+----------+-------------------------------------------
     0 | D:1      | tkbsonic5 the Spriggan Enchanter began the quest for the
                  | Orb.
     0 | D:1      | Reached XP level 1. HP: 9/9 MP: 5/5
   194 | D:1      | Reached XP level 2. HP: 11/13 MP: 6/6
   260 | D:1      | Learned a level 2 spell: Ensorcelled Hibernation
   652 | D:1      | Found Kysan's Armour Boutique.
   657 | D:1      | Bought a +0 cloak for 54 gold pieces
   835 | D:2      | Found a faded altar of an unknown god.
   853 | D:2      | Reached XP level 3. HP: 15/17 MP: 0/8
   902 | D:2      | Reached skill level 5 in Stealth
   907 | D:2      | Learned a level 3 spell: Confusing Touch
   911 | D:2      | Learned a level 3 spell: Tukima's Dance
  1202 | D:2      | Reached skill level 1 in Fighting
  1327 | D:1      | Reached XP level 4. HP: 14/22 MP: 1/10
  2163 | D:3      | Found a glowing drain.
  2315 | Sewer    | Entered a sewer
  2349 | Sewer    | Reached skill level 1 in Ranged Weapons
  2349 | Sewer    | Reached XP level 5. HP: 10/25 MP: 2/11
  2539 | Sewer    | Learned a level 3 spell: Dazzling Flash
  2755 | Sewer    | Gained mutation: Armour fits poorly on your strangely
                  | shaped body. [potion of mutation]
  2755 | Sewer    | Gained mutation: You are partially covered in iridescent
                  | scales. (AC +2) [potion of mutation]
  2755 | Sewer    | Gained mutation: You are strong-willed. (Will+) [potion of
                  | mutation]
  2755 | Sewer    | Gained mutation: You have hidden genetic potential. [potion
                  | of mutation]
  3383 | D:3      | Found a hazy altar of Hepliaklqana.
  3384 | D:3      | Found a basalt altar of Yredelemnul.
  3395 | D:3      | Learned a level 1 spell: Slow
  3406 | D:3      | Found a snail-covered altar of Cheibriados.
  3413 | D:3      | Became a worshipper of Hepliaklqana the Forgotten
  3431 | D:3      | Found a sparkling altar of Nemelex Xobeh.
  3730 | D:4      | Noticed an ogre
  3744 | D:4      | Killed an ogre
  3745 | D:4      | Reached skill level 1 in Ice Magic
  3745 | D:4      | Reached XP level 6. HP: 30/30 MP: 8/13
  3796 | D:4      | Gained mutation: Your flesh is cold resistant. (rC+)
                  | [hidden potential]
  3829 | D:4      | Noticed Pikel
  3851 | D:4      | Killed Pikel
  3852 | D:4      | Reached skill level 6 in Stealth
  3852 | D:4      | Reached skill level 5 in Spellcasting
  3852 | D:4      | Reached skill level 5 in Hexes
  3852 | D:4      | Reached XP level 7. HP: 22/34 MP: 13/15
  3860 | D:4      | Gained mutation: Your spells are a little harder to cast,
                  | but a little more powerful. [hidden potential]
  3860 | D:4      | Lost mutation: You have hidden genetic potential. [hidden
                  | potential expressed]
  4105 | D:4      | Reached skill level 7 in Stealth
  4736 | D:4      | Reached * piety under Hepliaklqana
  4811 | D:4      | Reached skill level 1 in Invocations
  4976 | D:4      | Found a runed translucent door.
  4977 | D:4      | Noticed Crazy Yiuf
  5049 | D:4      | Killed Crazy Yiuf
  5050 | D:4      | Reached XP level 8. HP: 35/35 MP: 8/16
  5142 | D:5      | Entered Level 5 of the Dungeon
  5793 | D:5      | Identified the +1 ring mail of Classification {rN+ Str-4
                  | Dex+7}
  6001 | D:5      | Reached skill level 1 in Conjurations
  6117 | D:5      | Learned a level 3 spell: Ignite Poison
  6172 | D:5      | Learned a level 3 spell: Summon Guardian Golem
  6188 | D:5      | Reached skill level 8 in Stealth
  6548 | D:6      | Found a hide-covered altar of Uskayaw.
  6552 | D:6      | Reached skill level 1 in Transmutations
  6684 | D:6      | Killed from afar by a steam dragon

Illustrated notes

Levels and vault maps discovered:
D:1:      dpeg_arrival_radiant, layout_rooms, serial_shops,
          nicolae_shop_hallway_plus
D:2:      layout_loops_ring, ebering_ecumenical_altar_webs
D:3:      layout_rooms, mainiacjoe_overflow_boulevard,
          gammafunk_temple_overflow_forgotten, portal_sewer_entry_a
D:4:      layout_basic, chequers_arboretum, uniq_pikel, uniq_crazy_yiuf_cottage
D:5:      minmay_chambers_of_threes, layout_loops_ring, serial_bayou_lake_a
D:6:      layout_basic, mainiacjoe_overflow_cross_hatched,
          minmay_temple_entry_nine_rooms, hangedman_decor_push

Skill      XL: |  1  2  3  4  5  6  7  8 |
---------------+-------------------------+-----
Spellcasting   | 3 4 5 6 |  6.0
Stealth        | 5 6 7 8 |  8.1
Hexes          | 4 5 6 |  6.3
Fighting       | 1 2 |  2.4
Dodging        | 3 4 |  4.9
Ranged Weapons | 1 2 3 |  3.6
Short Blades   | 2 3 |  3.5
Ice Magic      | 1 2 |  2.1
Invocations    | 1 2 |  2.4
Conjurations   | 1 |  1.1
Transmutations | 1 |  1.1
Fire Magic     | |  0.3
Poison Magic   | |  0.3

Action                   |  1- 3 |  4- 6 |  7- 9 || total
-------------------------+-------+-------+-------++-------
Melee: Dagger            |   106 |    93 |   123 ||   322
       Punch             |     1 |     3 |       ||     4
       Short sword       |       |    20 |       ||    20
 Fire: Sling             |       |    28 |       ||    28
       Shortbow          |       |       |     6 ||     6
Throw: Stone             |     6 |       |       ||     6
       Dart              |       |     3 |       ||     3
       Throwing net      |       |       |     1 ||     1
 Cast: Ensorcelled Hiber |    28 |    30 |    31 ||    89
       Confusing Touch   |       |     4 |     2 ||     6
       Tukima's Dance    |       |     2 |     4 ||     6
       Slow              |       |     1 |     3 ||     4
       Dazzling Flash    |       |       |     1 ||     1
       Summon Guardian G |       |       |     1 ||     1
Invok: Ancestor Identity |       |       |     1 ||     1
       Recall Ancestor   |       |       |     2 ||     2
  Use: Scroll            |     8 |     5 |       ||    13
       Potion            |       |    11 |     1 ||    12
 Stab: Sleeping          |    19 |    20 |    19 ||    58
       Held in net/web   |     1 |       |       ||     1
       Confused          |       |     1 |     2 ||     3
       Distracted        |       |     1 |       ||     1
       Invisible         |       |     5 |     4 ||     9
Armor: Robe              |    12 |    35 |    16 ||    63
Dodge: Dodged            |   107 |   116 |    95 ||   318
